 Dungeon Crawl Stone Soup version 0.32-a0-975-g85d4e5bfdb (webtiles) character file.

Game seed: 11520708900099050628

247 PriceMaster the Sneak (level 5, -3/21 (25) HPs)
             Began as a Spriggan Earth Elementalist on Apr 19, 2024.
             Killed from afar by Sigmund (10 damage)
             ... with a magic dart
             ... on level 4 of the Dungeon.
             The game lasted 00:04:20 (3005 turns).

PriceMaster the Sneak (Spriggan Earth Elementalist) Turns: 3005, Time: 00:04:21

HP:   -3/21 (25)    AC:  2    Str:  4    XL:     5   Next: 85%
MP:   3/12          EV: 21    Int: 17    God:
Gold: 212           SH:  0    Dex: 17    Spells: 4/13 levels left

rFire   . . .        s - +2 dagger (venom)
rCold   . . .        (no shield)
rNeg    . . .        a - +0 robe
rPois   .            (helmet restricted)
rElec   .            (no cloak)
rCorr   .            (gloves unavailable)
SInv    +            (boots unavailable)
Will    +....        (no amulet)
Stlth   +++          g - +5 ring of evasion
HPRegen 0.23/turn    j - ring of willpower
MPRegen 0.13/turn

%: no passive effects
@: very slightly contaminated, heavily drained, very quick
A: very small, no large weapons, unfitting armour, see invisible, speed 3
a: no special abilities


You were on level 4 of the Dungeon.
You visited 1 branch of the dungeon, and saw 4 of its levels.

You collected 212 gold pieces.

Inventory:

Hand Weapons
 c - a +0 dagger of draining
 s - a +2 dagger of venom (weapon)
Armour
 a - a +0 robe (worn)
Jewellery
 g - a +5 ring of evasion (left hand)
 j - a ring of willpower (right hand)
 u - a ring of protection from fire
Wands
 k - a wand of warping (10)
Scrolls
 d - 4 scrolls of fog {unknown}
 e - 2 scrolls of amnesia
 i - a scroll of vulnerability {unknown}
 l - a scroll of summoning {unknown}
 m - a scroll of blinking {unknown}
 n - a scroll of torment {unknown}
 o - 3 scrolls of identify {unknown}
 p - a scroll of enchant weapon {unknown}
 q - a scroll of fear {unknown}
 r - 3 scrolls of enchant armour {unknown}
Potions
 b - a potion of magic
 f - a potion of enlightenment {unknown}
 h - a potion of curing {unknown}
 t - a potion of degeneration {unknown}


   Skills:
 * Level 1.4 Fighting
 * Level 1.9 Short Blades
 + Level 2.9 Dodging
 * Level 5.0 Stealth
 * Level 4.5 Spellcasting
 + Level 0.7 Conjurations
 + Level 3.8 Earth Magic


You had 4 spell levels left.
You knew the following spells:

 Your Spells              Type           Power      Damage    Failure   Level
a - Sandblast             Erth           32%        2d9       3%          1
b - Stone Arrow           Conj/Erth      22%        3d8       19%         3
c - Passwall              Erth           16%        N/A       10%         3
d - Cigotuvi's Dreadful   Necr/Alch/Air  6%         N/A       22%         2

Your spell library contained the following spells:

 Spells                   Type           Power      Damage    Failure   Level
 Shock                    Conj/Air       20%        1d4       13%         1
 Brom's Barrelling Bould  Conj/Erth      11%        2d3       52%         4
 Petrify                  Alch/Erth      10%        N/A       56%         4
 Airstrike                Air            1%         2d(1-17)  83%         4
 Dispel Undead            Necr           3%         3d7       83%         4
 Martyr's Knell           Necr/Summ      3%         N/A       83%         4
 Conjure Ball Lightning   Conj/Air       2%         3x3d6     100%        6


Dungeon Overview and Level Annotations

Branches:
Dungeon (4/15)
 Temple: D:4-7

Altars:
Ashenzari
Dithmenos
Sif Muna
Zin
The Shining One

Annotations:
D:4 Sigmund


Innate Abilities, Weirdness & Mutations

You are very small and have problems with some larger weapons.
You are too small for most types of armour.
You have supernaturally acute eyesight. (SInv)
You cover ground extremely quickly. (Speed+++)


Message History

Confirm with . or Enter, or press ? or * to list all spells.
Aiming: Passwall (quite dangerous; 10% risk of failure)
Press: ? - help, Dir - move target, f - Sigmund
Aim: Sigmund, wielding a +0 scythe and wearing a +0 robe
There is no adjacent passable wall in that direction.
Okay, then.
Casting: Passwall (quite dangerous; 10% risk of failure)
Confirm with . or Enter, or press ? or * to list all spells.
A part of your flesh rots into a cloud of miasma!
You feel drained. Sigmund barely misses you.
Casting: Cigotuvi's Dreadful Rot (safe; 22% risk of failure)
Confirm with . or Enter, or press ? or * to list all spells.
You miscast Cigotuvi's Dreadful Rot.
You are very lightly contaminated with residual magic.
Nothing appears to happen.
Sigmund completely misses you.
Unknown command.
Casting: Cigotuvi's Dreadful Rot (safe; 22% risk of failure)
Confirm with . or Enter, or press ? or * to list all spells.
A part of your flesh rots into a cloud of miasma!
You feel drained.
Sigmund hits you from afar with a +0 scythe!
Casting: Cigotuvi's Dreadful Rot (safe; 22% risk of failure)
Confirm with . or Enter, or press ? or * to list all spells.
Aiming: Stone Arrow (extremely dangerous; 19% risk of failure)
Press: ? - help, Shift-Dir - straight line, f - Sigmund
Aim: Sigmund, wielding a +0 scythe and wearing a +0 robe (64% to hit)
You miscast Stone Arrow.
Strange energies run through your body.
* * * LOW HITPOINT WARNING * * *
Unknown command.
Casting: Stone Arrow (extremely dangerous; 19% risk of failure)
Confirm with . or Enter, or press ? or * to list all spells.
Aiming: Sandblast (safe; 3% risk of failure)
Press: ? - help, Shift-Dir - straight line, f/p - Sigmund
Aim: Sigmund, wielding a +0 scythe and wearing a +0 robe (80% to hit)
Okay, then.
Okay, then.
Sigmund gestures at you while chanting. The magic dart hits you!
You die...
Sigmund begins carving another notch in his scythe.

######.#### #####..
..#...#############
.....#
#.##.......○@......
...#
#.#.#####..☼######.
#####.###.>.....@...$#
...........##.###....#
###.###....>..# ####.#
#.## ##......# .# #.#
#......# .# #.##
##......### ..
##.###.......#.. ..
##...#......#.♣ ..
#####.#.#..#.♣ ♣.###


You could see Sigmund.

Vanquished Creatures
  A scorpion (D:4)
  A jelly (D:4)
  Jessica (D:2)
  An iguana (D:4)
  Robin (D:2)
  A gnoll (D:1)
  A dart slug (D:3)
  2 orcs
  5 bats
  10 endoplasms
  2 giant cockroaches
  14 goblins
  6 hobgoblins
  4 jackals (D:2)
  3 quokkas
  6 ball pythons
  5 frilled lizards
  5 kobolds
  4 rats (D:1)
73 creatures vanquished.

Notes
Turn   | Place    | Note
-------+----------+-------------------------------------------
     0 | D:1      | PriceMaster the Spriggan Earth Elementalist began the quest
                  | for the Orb.
     0 | D:1      | Reached XP level 1. HP: 9/9 MP: 5/5
    82 | D:1      | Found a faded altar of an unknown god.
   152 | D:1      | Reached XP level 2. HP: 13/13 MP: 4/6
   505 | D:1      | Reached XP level 3. HP: 14/16 MP: 1/8
  1247 | D:2      | Learned a level 3 spell: Stone Arrow
  1260 | D:1      | Learned a level 3 spell: Passwall
  1391 | D:1      | Reached skill level 1 in Short Blades
  1462 | D:2      | Noticed Jessica
  1465 | D:2      | Killed Jessica
  1465 | D:2      | Noticed Robin
  1466 | D:2      | Reached skill level 1 in Fighting
  1466 | D:2      | Reached XP level 4. HP: 22/22 MP: 8/10
  1708 | D:2      | Killed Robin
  2058 | D:2      | Learned a level 2 spell: Cigotuvi's Dreadful Rot
  2267 | D:3      | Found a broken altar of Ashenzari.
  2274 | D:3      | Found a glowing silver altar of Zin.
  2274 | D:3      | Found a shadowy altar of Dithmenos.
  2275 | D:3      | Found a shimmering blue altar of Sif Muna.
  2284 | D:3      | Found a glowing golden altar of the Shining One.
  2303 | D:3      | Reached skill level 4 in Stealth
  2362 | D:3      | Got the Vellum of Air
  2724 | D:4      | Noticed a scorpion
  2733 | D:4      | Killed a scorpion
  2734 | D:4      | Reached XP level 5. HP: 22/25 MP: 1/12
  2949 | D:4      | Reached skill level 5 in Stealth
  2993 | D:4      | Noticed Sigmund
  3005 | D:4      | Killed from afar by Sigmund

Illustrated notes

Levels and vault maps discovered:
D:1:      evilmike_arrival_come_back, layout_basic, serial_rivers,
          chequers_serial_rivers_marsh, chequers_serial_rivers_marsh,
          chequers_serial_rivers_small_b, chequers_serial_rivers_small_b,
          chequers_serial_rivers_micro_b, chequers_serial_rivers_micro_d,
          ebering_ecumenical_altar_abandoned, minmay_pentomino_t2
D:2:      layout_rooms, uniq_jessica, uniq_robin
D:3:      layout_loops_ring, minitemple
D:4:      layout_loops_ring, minmay_temple_entry_tees, gammafunk_ghost_icy,
          dk_noncrumbling_3, kennysheep_nub, nrook_campfire, uniq_blork_the_orc,
          uniq_sigmund

Skill      XL: |  1  2  3  4  5 |
---------------+----------------+-----
Spellcasting   | 3 4 |  4.5
Earth Magic    | 3 |  3.8
Short Blades   | 1 |  1.9
Fighting       | 1 |  1.4
Stealth        | 4 5 |  5.0
Dodging        | |  2.9
Conjurations   | |  0.7

Action                     |  1- 3 |  4- 6 || total
---------------------------+-------+-------++-------
  Melee: Dagger            |    13 |    30 ||    43
   Cast: Sandblast         |    40 |    42 ||    82
         Passwall          |     2 |       ||     2
         Stone Arrow       |       |     4 ||     4
         Cigotuvi's Dreadf |       |     4 ||     4
    Use: Scroll            |       |     2 ||     2
   Stab: Sleeping          |       |     6 ||     6
 Armour: Robe              |     4 |    16 ||    20
  Dodge: Dodged            |    19 |    55 ||    74

Table legend: (Time is in decaauts)
 A = Elapsed time spent in this place.
 B = Non-inter-level travel time spent in this place.
 C = Inter-level travel time spent in this place.
 D = Time resting spent in this place.
 E = Time spent auto-exploring this place.
 F = Levels seen in this place.
 G = Mean time per level.
                   A        B        C        D        E       F      G
               +--------+--------+--------+--------+--------+-----+--------+
         Total |   2347 |   2245 |    102 |    200 |   1622 |   4 |  586.8 |
       Dungeon |   2347 |   2245 |    102 |    200 |   1622 |   4 |  586.8 |
               +--------+--------+--------+--------+--------+-----+--------+

Top non-repeatable levels by time:
     D:1: 1039 daAuts
     D:2: 634 daAuts
     D:3: 410 daAuts
     D:4: 262 daAuts
